Description

6 Roaches + 4 Speedlings + 27 drones. Continue the attack or expand.

Build Order

Get SALT Encoding   

  14  0:23  Overlord  
  15  0:49  Spawning Pool  
  18  1:18  Extractor  
  17  1:40  Hatchery  
  16  1:55  Queen  
  18  1:59  Zergling x4  
  22  2:33  Overlord  
  23  2:58  Metabolic Boost  
  26  3:20  Roach Warren  
  28  3:35  Overlord x2  
  28  3:52  Queen  
  30  4:15  Roach x6  
  31  4:25  Drone x3  
Spawning Tool Build Advisor. Get it on Overwolf

Go to:

Details

  • Created by: awells111
  • Published on: Mar 23, 2018
  • Modified on: Mar 26, 2018
  • Patch: 4.0.0
Show
View Real Time Build Order
Export as new Build Order

Comments (0)

There are no comments. Be the first!

Create an account to comment!